Map: Acropolis LE

Players

Dastan - Winner!

  • Race: Protoss Protoss
  • League: Grandmaster
  • Spawn Location: 11:00

MightyKiwi

  • Race: Zerg Zerg
  • League: Master
  • Spawn Location: 5:00

Event: NationWars 2019

VOD

Have the link to the VOD?

Description

Time

  • Played on: Sept. 28, 2019, 5:03 p.m.
  • Length: 5:46
Show
View Real Time Build Order
Export as new Build Order

Dastan Protoss - Winner!

Build Orders: Dark Templar Rush 

Get SALT Encoding   

  12  0:00  Probe  
  13  0:13  Probe  
  14  0:18  Pylon  
  14  0:25  Probe (Chrono Boost)  
  15  0:38  Probe (Chrono Boost)  
  15  0:39  Gateway  
  16  0:43  Probe (Chrono Boost)  
  16  0:49  Assimilator  
  17  0:53  Probe  
  18  1:05  Probe  
  18  1:08  Pylon  
  19  1:17  Probe  
  20  1:27  Cybernetics Core, Zealot  
  20  1:32  Pylon  
  22  1:35  Probe  
  23  1:47  Probe  
  26  2:02  Adept (Chrono Boost)  
  26  2:12  Nexus  
  26  2:20  Probe  
  27  2:33  Probe  
  27  2:35  Assimilator  
  28  2:45  Twilight Council  
  28  2:47  Probe  
  29  2:56  Warp Gate (Chrono Boost)  
  29  2:59  Probe  
  30  3:11  Probe  
  31  3:12  Robotics Facility  
  31  3:20  Pylon  
  31  3:24  Stalker  
  33  3:28  Probe x2  
  35  3:40  Probe x2  
  37  3:48  Dark Shrine  
  37  3:52  Probe x2  
  39  4:04  Probe x2  
  39  4:05  Warp Prism (Chrono Boost)  
  41  4:13  Gateway x2  
  41  4:16  Probe  
  42  4:21  Gateway  
  42  4:23  Adept  
  44  4:25  Probe  
  44  4:28  Probe  
  46  4:33  Assimilator  
  46  4:36  Assimilator  
  46  4:37  Probe  
  47  4:41  Probe  
  47  4:44  Pylon  
  48  4:48  Pylon  
  48  4:50  Probe  
  49  4:53  Probe  
  49  4:55  Observer  
  51  5:01  Dark Templar  
  51  5:02  Probe  
  51  5:06  Probe  
  55  5:11  Dark Templar  
  55  5:12  Dark Templar  
  55  5:14  Probe  
  60  5:18  Probe  
  60  5:19  Dark Templar  
  63  5:23  Pylon  
  64  5:30  Pylon  
  64  5:34  Nexus  
Show
View Real Time Build Order
Export as new Build Order

MightyKiwi Zerg 

Build Orders: Pool First 

Get SALT Encoding   

  12  0:17  Spawning Pool  
  11  0:22  Drone  
  11  0:27  Drone  
  13  0:32  Drone  
  14  0:41  Overlord  
  15  1:04  Zergling x4  
  15  1:05  Zergling x2  
  17  1:19  Hatchery  
  17  1:21  Zergling x2  
  17  1:30  Queen  
  19  1:39  Drone  
  20  1:40  Drone  
  21  1:50  Overlord  
  21  2:02  Drone  
  21  2:10  Extractor, Queen  
  21  2:12  Drone  
  22  2:24  Drone  
  23  2:33  Drone x2  
  25  2:40  Drone x3  
  28  2:50  Hatchery  
  27  2:57  Drone x2  
  28  3:05  Zergling x4  
  29  3:11  Queen  
  31  3:21  Drone x2  
  31  3:26  Metabolic Boost  
  33  3:29  Overlord  
  33  3:37  Drone x2  
  35  3:41  Overlord  
  35  3:44  Spore Crawler  
  33  3:51  Drone  
  33  3:52  Overlord  
  35  4:05  Drone x7  
  41  4:14  Roach Warren, Extractor  
  41  4:16  Queen  
  41  4:28  Spine Crawler  
  40  4:31  Drone  
  40  4:32  Drone x3  
  40  4:33  Drone x2  
  40  4:35  Zergling x4  
  48  4:42  Overlord  
  48  4:56  Roach x5  
  58  5:11  Roach x4  
  58  5:12  Overlord  
  58  5:13  Overlord  
  65  5:22  Overlord  
  65  5:24  Overlord x2  
Tags
 
Add a new tag
Caveats
  • Supply blocks, unpowered buildings, or Contaminate may cause inaccurate times.
  • Supply counts are checked every 10 seconds.